 Dungeon Crawl Stone Soup version 0.31-a0-150-g89dc3ad700 (webtiles) character file.

Game seed: 9443170410609536376

27 qw the Shooter (level 2, -3/26 HPs)
             Began as a Minotaur Hunter on June 8, 2023.
             Slain by Terence
             ... wielding a +0 mace
              (11 damage)
             ... on level 2 of the Dungeon.
             The game lasted 00:00:21 (1179 turns).

qw the Shooter (Minotaur Hunter)                    Turns: 1179, Time: 00:00:21

Health: -3/26      AC:  3    Str: 15    XL:     2   Next: 93%
Magic:  1/1        EV: 12    Int:  6    God:
Gold:   130        SH:  0    Dex: 13    Spells: 1/1 levels left

rFire   . . .        Y - +0 shortbow
rCold   . . .        (shield currently unavailable)
rNeg    . . .        c - +0 leather armour
rPois   .            (helmet restricted)
rElec   .            (no cloak)
rCorr   .            (no gloves)
SInv    .            (no boots)
Will    .....        (no amulet)
Stlth   +            (no ring)
HPRegen 0.24/turn    (no ring)
MPRegen 0.07/turn

%: no passive effects
@: no status effects
A: horns 2, retaliatory headbutt
a: no special abilities


You were on level 2 of the Dungeon.
You visited 1 branch of the dungeon, and saw 2 of its levels.

You collected 130 gold pieces.


Innate Abilities, Weirdness & Mutations

You have a pair of horns on your head.
You reflexively headbutt those who attack you in melee.


   Skills:
 - Level 3.0 Fighting
 + Level 5.2 Ranged Weapons
 - Level 2.1 Dodging
 - Level 0.7 Stealth


You had one spell level left.
You didn't know any spells.
Your spell library was empty.

Inventory:

Hand Weapons
 Y - a +0 shortbow (weapon)
Armour
 b - a +0 pair of gloves
 c - a +0 leather armour (worn)
Scrolls
 g - 3 scrolls of identify
Potions
 a - a potion of ambrosia {unknown}
 e - a potion of heal wounds

Dungeon Overview and Level Annotations

Branches:
Dungeon (2/15)

Altars:

Annotations:
D:2 1 runed translucent door, Crazy Yiuf, Terence


Message History

The arrow hits the endoplasm but does no damage.
The endoplasm is heavily wounded.
The endoplasm freezes you.
You are frozen.
The frilled lizard closely misses you. You furiously retaliate!
You headbutt the frilled lizard!
You kill the frilled lizard!
You shoot an arrow. The arrow barely misses the endoplasm.
The endoplasm closely misses you.
You shoot an arrow. The arrow hits the endoplasm.
The endoplasm is severely wounded.
The endoplasm freezes you.
You are frozen.
You shoot an arrow. The arrow hits the endoplasm.
You kill the endoplasm!
You start resting.
HP restored.
You see here a frilled lizard corpse.
b - a +0 pair of gloves
Enter note: You open the door.
Terence the Incautious comes into view.
He is wielding a +0 mace.
Found a scale mail and a short runed staff.
Enter note: You shoot an arrow.
The arrow hits Terence but does no damage.
Terence shouts!
You shoot an arrow. The arrow closely misses Terence.
You shoot an arrow. The arrow closely misses Terence.
You shoot an arrow.
The arrow hits Terence but does no damage.
You shoot an arrow. The arrow hits Terence!
Terence is moderately wounded.
Terence hits you with a +0 mace.
You shoot an arrow. The arrow closely misses Terence.
Terence hits you with a +0 mace!
You shoot an arrow. The arrow closely misses Terence.
Terence hits you with a +0 mace! Terence closely misses you.
You shoot an arrow. The arrow closely misses Terence.
Terence hits you with a +0 mace!
You die...

## ... #.# .|.^
#.# ..... #.#
......#### #.#
......@@.#####.###
......##.#.......
.[...
#...###.####..#
....
#>....%.......#
#+#
#.#####.#####.#
#.# #.# #.# #.#
#.# #.# # #.# #.#


You could see Terence.

Vanquished Creatures
  A dart slug (D:1)
  A ball python (D:1)
  2 endoplasms
  3 giant cockroaches (D:1)
  2 goblins
  3 hobgoblins
  A quokka (D:1)
  A bat (D:1)
  A frilled lizard (D:2)
  4 kobolds
  3 rats
22 creatures vanquished.

Notes
Turn   | Place    | Note
-------+----------+-------------------------------------------
     0 | D:1      | qw the Minotaur Hunter began the quest for the Orb.
     0 | D:1      | Reached XP level 1. HP: 18/18 MP: 0/0
     0 | D:1      | 0 ||| qw: Version: 0.2-a-120-ga58a385
     0 | D:1      | 0 ||| qw: Game counter: 2939
     0 | D:1      | 0 ||| qw: Always use a shield: true
     0 | D:1      | 0 ||| qw: God list: Okawaru
     0 | D:1      | 0 ||| qw: Allow faded altars: false
     0 | D:1      | 0 ||| qw: Do Orc after D:15 true
     0 | D:1      | 0 ||| qw: Do second Lair branch before Depths: true
     0 | D:1      | 0 ||| qw: Lair rune preference: random
     0 | D:1      | 0 ||| qw: Plans: Normal
     0 | D:1      | 0 ||| PLANNING D:1-11
    52 | D:1      | Found a faded altar of an unknown god.
   257 | D:1      | Reached XP level 2. HP: 25/25 MP: 1/1
   260 | D:1      | Reached skill level 5 in Ranged Weapons
   859 | D:1      | 859 ||| READING scroll labelled OXITHA YRYN.
   860 | D:1      | 860 ||| READING 4 scrolls labelled OPSIGU IRHY.
   861 | D:1      | 861 ||| DRINKING 2 murky grey potions.
   862 | D:1      | 862 ||| DRINKING 2 smoky brown potions.
   863 | D:1      | 863 ||| DROPPING scroll of butterflies.
   864 | D:1      | 864 ||| DROPPING potion of attraction.
   918 | D:2      | Found a runed translucent door.
   919 | D:2      | Noticed Crazy Yiuf
   985 | D:2      | Reached skill level 3 in Fighting
  1171 | D:2      | Noticed Terence
  1179 | D:2      | Slain by Terence

Levels and vault maps discovered:
D:1:      psy_arrival_spokes, layout_basic, ebering_ecumenical_altar_rust,
          minmay_misc_feat_plants
D:2:      layout_basic, minmay_tromino_i4, uniq_crazy_yiuf_cottage, uniq_terence

Skill      XL: |  1  2 |
---------------+-------+-----
Ranged Weapons | 5 |  5.2
Fighting       | 3 |  3.0
Dodging        | |  2.1
Stealth        | |  0.7

Action                     || total
---------------------------++-------
   Fire: Shortbow          ||    78
    Use: Scroll            ||     2
         Potion            ||     2
 Armour: Leather armour    ||     6
  Dodge: Dodged            ||    17

Table legend:
 A = Non-vault XP
 B = Vault XP
 C = Vault XP percentage of total XP
 D = Non-vault monster count
 E = Vault monster count
 F = Vault count percentage of total count
                 A         B        C        D         E       F
            +---------+---------+-------+---------+---------+-------
      Total |      39 |       0 |   0.0 |      22 |       0 |   0.0
            +---------+---------+-------+---------+---------+-------
        D:1 |      26 |       0 |   0.0 |      14 |       0 |   0.0
        D:2 |      13 |       0 |   0.0 |       8 |       0 |   0.0
            +---------+---------+-------+---------+---------+-------
